 Dungeon Crawl Stone Soup version 0.32-a0-841-g4648e6c457 (webtiles) character file.

Game seed: 16034467508016093159

45 wilfster70 the Cudgeller (level 3, -3/24 HPs)
             Began as a Gargoyle Monk on Mar 26, 2024.
             Slain by a cerulean imp
             ... wielding a +2 spear
             ... summoned by Natasha
              (4 damage)
             ... on level 2 of the Dungeon.
             The game lasted 00:03:17 (1066 turns).

wilfster70 the Cudgeller (Gargoyle Monk)            Turns: 1066, Time: 00:03:18

Health: -3/24      AC:  7    Str: 14    XL:     3   Next: 64%
Magic:  3/3        EV: 11    Int: 12    God:
Gold:   57         SH:  0    Dex: 12    Spells: 2/2 levels left

rFire   . . .        a - +0 mace
rCold   . . .        d - orb {light}
rNeg    + . .        i - +0 robe
rPois   ∞            l - +0 helmet
rElec   +            (no cloak)
rCorr   .            (no gloves)
SInv    .            n - +0 pair of boots
Will    .....        (no amulet)
Stlth   +            (no ring)
HPRegen 0.24/turn    (no ring)
MPRegen 0.08/turn

%: no passive effects
@: slowed, glowing, very slow
A: sickness immunity, AC +3, negative energy resistance 1, electricity
resistance, torment resistance 1, petrification resistance
a: no special abilities


You were on level 2 of the Dungeon.
You visited 1 branch of the dungeon, and saw 2 of its levels.

You collected 57 gold pieces.

Inventory:

Hand Weapons
 a - a +0 mace (weapon)
 b - a +1 sling of freezing
Missiles
 f - 2 throwing nets (quivered)
Armour
 d - an orb of light (worn)
 i - a +0 robe (worn)
 l - a +0 helmet (worn)
 n - a +0 pair of boots (worn)
Scrolls
 e - a scroll of poison {unknown}
 g - 2 scrolls of revelation {unknown}
 h - a scroll of enchant armour {unknown}
 j - a scroll of noise {unknown}
 o - a scroll of identify {unknown}
 p - a scroll of blinking {unknown}
Potions
 c - 2 potions of ambrosia
 k - a potion of attraction {unknown}
 m - a potion of haste {unknown}


   Skills:
 + Level 3.9 Fighting
 * Level 4.1 Maces & Flails
 - Level 2.4 Dodging


You had 2 spell levels left.
You didn't know any spells.
Your spell library was empty.

Dungeon Overview and Level Annotations

Branches:
Dungeon (2/15)

Altars:

Annotations:
D:2 Natasha


Innate Abilities, Weirdness & Mutations

You are immune to sickness and miasma.
Your stone body is resilient. (AC +3)
You are immune to poison.
You resist negative energy. (rN+)
You are resistant to electric shocks. (rElec)
You are resistant to unholy torment.
You are immune to petrification.


Message History

You hit Natasha.
Natasha is lightly wounded.
Natasha casts a spell at you.
The magic dart hits you but does no damage.
The cerulean imp hits you with a +2 spear.
Natasha mumbles some strange words.
You hit Natasha.
Natasha is heavily wounded.
The cerulean imp barely misses you.
Natasha mumbles some strange words.
The cerulean imp hits you with a +1 spear.
The cerulean imp closely misses you.
Natasha wildly gestures.
Natasha glows brightly for a moment.
Natasha closely misses you.
You barely miss Natasha.
Natasha is heavily wounded.
The cerulean imp barely misses you.
The cerulean imp hits you but does no damage.
The cerulean imp barely misses you. Natasha claws you.
The cerulean imp misses you. The cerulean imp barely misses you.
You hit Natasha but do no damage.
Natasha is heavily wounded.
The cerulean imp closely misses you. Natasha claws you.
The cerulean imp misses you. The cerulean imp closely misses you.
Natasha claws you but does no damage. The cerulean imp closely misses you.
The cerulean imp hits you with a +1 spear.
The cerulean imp closely misses you.
You closely miss Natasha.
Natasha is heavily wounded.
The cerulean imp hits you from afar with a +1 spear.
* * * LOW HITPOINT WARNING * * *
Natasha barely misses you.
The cerulean imp hits you with a +1 spear.
* * * LOW HITPOINT WARNING * * *
The cerulean imp closely misses you. The cerulean imp barely misses you.
Natasha claws you but does no damage.
The cerulean imp hits you but does no damage.
The cerulean imp hits you with a +2 spear.
You die...

### ... .$.
.. .. .... #.
.. ....
#.##.#.....
#....#...
#.5....
#..h5# #.5@.#
#....# #....#
##
#.###########
.
#...........#
###########.#
#.########
#.....(...
##########


You could see Natasha and 3 cerulean imps.

Vanquished Creatures
  A dart slug (D:1)
  2 ribbon worms (D:2)
  7 bats
  3 endoplasms
  A giant cockroach (D:1)
  2 hobgoblins (D:1)
  A jackal (D:1)
  2 quokkas
  2 ball pythons (D:1)
  3 frilled lizards (D:1)
  4 goblins (D:1)
  6 kobolds (D:1)
  4 rats (D:1)
38 creatures vanquished.

Notes
Turn   | Place    | Note
-------+----------+-------------------------------------------
     0 | D:1      | wilfster70 the Gargoyle Monk began the quest for the Orb.
     0 | D:1      | Reached XP level 1. HP: 14/14 MP: 1/1
   143 | D:1      | Reached XP level 2. HP: 19/19 MP: 2/2
   396 | D:1      | Reached XP level 3. HP: 21/24 MP: 3/3
   720 | D:2      | Reached skill level 4 in Maces & Flails
  1057 | D:2      | Noticed Natasha
  1066 | D:2      | HP: 1/24 [cerulean imp/+1 spear[Natasha] (1)]
  1066 | D:2      | Slain by a cerulean imp

Illustrated notes

Levels and vault maps discovered:
D:1:      eino_arrival_tree_alley, layout_loops_ring, corexii_corridor_pit,
          minmay_vboxes
D:2:      layout_basic, serial_glass, glass_columns_b, glass_columns_a,
          uniq_crazy_yiuf_cottage, uniq_natasha

Skill      XL: |  1  2  3 |
---------------+----------+-----
Maces & Flails | 4 |  4.1
Fighting       | |  3.9
Dodging        | |  2.4

Action                     || total
---------------------------++-------
  Melee: Mace              ||    33
   Fire: Sling             ||    49
 Armour: Robe              ||    45
  Dodge: Dodged            ||    55

Table legend: (Time is in decaauts)
 A = Elapsed time spent in this place.
 B = Non-inter-level travel time spent in this place.
 C = Inter-level travel time spent in this place.
 D = Time resting spent in this place.
 E = Time spent auto-exploring this place.
 F = Levels seen in this place.
 G = Mean time per level.
                   A        B        C        D        E       F      G
               +--------+--------+--------+--------+--------+-----+--------+
         Total |   1093 |   1076 |     17 |      0 |    458 |   2 |  546.5 |
       Dungeon |   1093 |   1076 |     17 |      0 |    458 |   2 |  546.5 |
               +--------+--------+--------+--------+--------+-----+--------+

Top non-repeatable levels by time:
     D:1: 691 daAuts
     D:2: 402 daAuts
